 Dungeon Crawl Stone Soup version 0.26.1-11-gd32895ea62 (webtiles) character file.

Game seed: 7247508472142987246

1713 nothank2 the Slinger (level 9, -1/62 HPs)
             Began as a Halfling Hunter on July 12, 2021.
             Slain by Maggie
             ... wielding a +0 morningstar
              (7 damage)
             ... on level 6 of the Dungeon.
             The game lasted 00:21:07 (6699 turns).

nothank2 the Slinger (Halfling Hunter)              Turns: 6699, Time: 00:21:07

Health: -1/62      AC:  6    Str: 14    XL:     9   Next: 24%
Magic:  9/9        EV: 15    Int:  9    God:
Gold:   260        SH:  0    Dex: 17    Spells: 8/8 levels left

rFire    . . .     SeeInvis .   s - +1 spear (venom)
rCold    . . .     Faith    .   (shield restricted)
rNeg     + . .     Spirit   .   w - +0 ring mail
rPois    +         Reflect  .   (no helmet)
rElec    .         Harm     .   (no cloak)
rCorr    .         Rampage  .   u - +0 pair of gloves
Will     .....                  (no boots)
Stlth    +.........             (no amulet)
HPRegen  0.20/turn              o - ring of poison resistance
MPRegen  0.11/turn              A - ring of positive energy

@: mesmerised
A: small, mutation resistance 1
a: no special abilities


You were on level 6 of the Dungeon.
You visited 1 branch of the dungeon, and saw 6 of its levels.
You also visited: Ossuary.

You collected 260 gold pieces.

Inventory:

Hand Weapons
 a - a +1 hunting sling
 b - a +0 short sword
 s - a +1 spear of venom (weapon)
Missiles
 e - 85 stones (quivered)
 r - 10 sling bullets
Armour
 c - a +1 leather armour
 u - a +0 pair of gloves (worn)
 w - a +0 ring mail (worn)
Jewellery
 k - an uncursed ring of resist corrosion
 o - a ring of poison resistance (left hand)
 A - a ring of positive energy (right hand)
Wands
 t - a wand of disintegration (30)
 B - a wand of iceblast (8)
 I - a wand of flame (16)
Scrolls
 l - 6 scrolls of teleportation
 m - 4 scrolls of fog {unknown}
 n - 5 scrolls of remove curse
 v - 4 scrolls of identify
 x - a scroll of blinking {unknown}
 y - a scroll of amnesia {unknown}
 C - a scroll of random uselessness {unknown}
 D - a scroll of magic mapping
 E - a scroll of enchant weapon {unknown}
 F - a scroll of noise {unknown}
Potions
 d - 4 potions of mutation {unknown}
 f - 3 potions of lignification
 g - a potion of attraction
 h - a potion of resistance {unknown}
 i - 3 potions of curing
 j - 2 potions of might {unknown}
 p - 3 potions of flight {unknown}
 q - 2 potions of brilliance {unknown}
 z - 3 potions of invisibility {unknown}
 G - a potion of ambrosia {unknown}
 H - a potion of heal wounds


   Skills:
 + Level 6.1 Fighting
 - Level 12.8 Slings
 + Level 2.6 Armour
 + Level 3.6 Dodging
 - Level 1.1 Stealth


You had 8 spell levels left.
You didn't know any spells.
Your spell library was empty.

Dungeon Overview and Level Annotations

Branches:
Dungeon (6/15)            Ossuary (visited)
 Temple: D:4-7

Altars:
Fedhas
Makhleb
Qazlal
Uskayaw

Shops:
D:4 (

Annotations:
D:3 1 runed translucent door, Crazy Yiuf
D:6 Maggie


Innate Abilities, Weirdness & Mutations

You are small and have problems with some larger weapons.
You are somewhat resistant to further mutation.


Message History

You completely miss Maggie.
Maggie is almost dead.
Maggie gestures wildly while chanting.
Maggie attempts to bespell you!
You are mesmerised by Maggie!
You barely miss Maggie.
Maggie is almost dead.
Maggie misses you.
You hit Maggie.
Maggie is almost dead.
Maggie mumbles some strange words.
Maggie draws you further into her thrall.
You hit Maggie but do no damage.
Maggie is almost dead.
Maggie hits you with a +0 morningstar.
* * * LOW HITPOINT WARNING * * *
You completely miss Maggie.
Maggie is almost dead.
Maggie hits you with a +0 morningstar!
You die...

##(######
...(((@.# #@# #.#
#)# #.# #.# #.#
##########.#
.........#.#
#.######.#.#######


You could see Maggie (mesmerising).

Vanquished Creatures
  Sigmund (D:3)
  A sky beast (D:5)
  3 phantoms
  2 ogres
  3 centaurs
  A bullfrog (D:6)
  A scorpion (D:3)
  A hound (D:5)
  A jelly (D:5)
  3 orc wizards (D:3)
  Ijyb (D:5)
  2 worker ants (D:4)
  A hound zombie (D:5)
  A hound skeleton (D:4)
  12 mummies (Ossuary)
  4 gnolls (D:2)
  11 adders
  2 ufetubi (D:5)
  An ooze (D:1)
  An adder skeleton (D:3)
  5 worms
  4 dart slugs
  12 orcs
  A ball python (D:2)
  5 giant cockroaches
  4 goblins
  3 hobgoblins
  12 jackals
  A quokka (D:2)
  5 bats
  5 frilled lizards
  4 goblin skeletons (Ossuary)
  A jackal skeleton (D:4)
  7 kobolds
  2 kobold skeletons (Ossuary)
  2 orc skeletons (Ossuary)
  A quokka skeleton (D:5)
  4 rats
  11 rat skeletons (Ossuary)
142 creatures vanquished.

Notes
Turn   | Place    | Note
-------+----------+-------------------------------------------
     0 | D:1      | nothank2 the Halfling Hunter began the quest for the Orb.
     0 | D:1      | Reached XP level 1. HP: 14/14 MP: 1/1
    42 | D:1      | Reached skill level 6 in Slings
   142 | D:1      | Reached XP level 2. HP: 19/19 MP: 2/2
   375 | D:1      | Reached XP level 3. HP: 24/24 MP: 3/3
   905 | D:1      | Reached skill level 7 in Slings
  1228 | D:2      | Reached XP level 4. HP: 29/30 MP: 4/4
  1490 | D:2      | Reached XP level 5. HP: 23/35 MP: 5/5
  1497 | D:2      | Reached skill level 8 in Slings
  1687 | D:2      | Found a stormy altar of Qazlal.
  2030 | D:3      | Noticed Sigmund
  2061 | D:3      | Killed Sigmund
  2062 | D:3      | Reached skill level 9 in Slings
  2062 | D:3      | Reached XP level 6. HP: 20/42 MP: 6/6
  2438 | D:3      | Found a runed translucent door.
  2439 | D:3      | Noticed Crazy Yiuf
  2563 | D:3      | Reached XP level 7. HP: 47/47 MP: 7/7
  2869 | D:3      | Reached skill level 10 in Slings
  3593 | D:4      | Found Assexim's Antique Weapon Boutique.
  3866 | D:4      | Reached skill level 11 in Slings
  3866 | D:4      | Reached XP level 8. HP: 45/54 MP: 8/8
  4323 | D:5      | Entered Level 5 of the Dungeon
  4641 | D:5      | Reached skill level 5 in Fighting
  4693 | D:5      | Noticed Ijyb
  4713 | D:5      | Killed Ijyb
  4714 | D:5      | Reached skill level 12 in Slings
  4760 | D:5      | Found a sand-covered staircase.
  4902 | Ossuary  | Entered an ossuary
  5893 | D:5      | Found a blossoming altar of Fedhas.
  5893 | D:5      | Found a burning altar of Makhleb.
  5893 | D:5      | Found a hide-covered altar of Uskayaw.
  6009 | D:5      | Reached skill level 1 in Armour
  6009 | D:5      | Reached XP level 9. HP: 28/61 MP: 9/9
  6331 | D:6      | Noticed Maggie
  6332 | D:6      | HP: 2/62 [ogre/+0 giant spiked club (19)]
  6677 | D:6      | Paralysed by Maggie for 7 turns
  6690 | D:6      | Paralysed by Maggie for 4 turns
  6699 | D:6      | Slain by Maggie

Illustrated notes

Levels and vault maps discovered:
D:1:      minmay_arrival_floating_metal, layout_basic
D:2:      layout_rooms, nicolae_overflow_crystal_walls
D:3:      layout_rooms, uniq_crazy_yiuf_cottage, uniq_sigmund
D:4:      layout_rooms, serial_shops, shop
D:5:      layout_basic, gammafunk_temple_overflow_claw,
          nicolae_ossuary_entry_plus, uniq_ijyb
D:6:      layout_basic, uniq_edmund, uniq_maggie

Skill      XL: |  1  2  3  4  5  6  7  8  9 |
---------------+----------------------------+-----
Slings         | 6 7 9 11 12 | 12.8
Fighting       | 2 3 4 5 6 |  6.1
Armour         | 1 2 |  2.6
Dodging        | 3 |  3.6
Stealth        | |  1.1

Action                   |  1- 3 |  4- 6 |  7- 9 || total
-------------------------+-------+-------+-------++-------
Melee: Short sword       |    24 |    17 |       ||    41
       Spear             |       |    16 |   112 ||   128
       Hunting sling     |       |       |     1 ||     1
 Fire: Hunting sling     |    52 |    93 |   306 ||   451
Throw: Stone             |       |     4 |       ||     4
  Use: Scroll            |     1 |     6 |       ||     7
Armor: Leather armour    |    11 |     8 |     6 ||    25
       Ring mail         |       |       |    35 ||    35
Dodge: Dodged            |    48 |    24 |    99 ||   171
